 Dungeon Crawl Stone Soup version 0.19.0-9-gfd783f2 (webtiles) character file.

62 mistymad the Ruffian (level 4, 0/38 HPs)
             Began as a Naga Transmuter on Nov 7, 2016.
             Killed from afar by an orc wizard (3 damage)
             ... with a puff of flame
             ... on level 4 of the Dungeon.
             The game lasted 00:04:16 (1507 turns).

mistymad the Ruffian (Naga Transmuter)              Turns: 1507, Time: 00:04:16

Health: 0/38       AC: 10    Str: 16    XL:     4   Next: 8%
Magic:  7/7        EV:  8    Int: 15    God:
Gold:   76         SH:  0    Dex: 11    Spells: 2 memorised, 4 levels left

rFire  . . .     SeeInvis +       - Unarmed
rCold  + . .     Gourm    .     b - +0 robe
rNeg   . . .     Faith    .     (no shield)
rPois  +         Spirit   .     (helmet restricted)
rElec  .         Reflect  .     (no cloak)
rCorr  .         Harm     .     (no gloves)
MR     .....                    n - +2 naga barding
Stlth  +.........               (no amulet)
                                (no ring)
                                g - +4 ring of strength

@: short of breath, very slightly contaminated, hasted, quick
A: horns 1, iridescent scales 1, see invisible, cold resistance 1, deformed
body, poison resistance, slowness 2, slow metabolism 1, spit poison 1, AC +1
a: Spit Poison


You were on level 4 of the Dungeon.
You were hungry.

You visited 2 branches of the dungeon, and saw 4 of its levels.

You collected 76 gold pieces.

Inventory:

Missiles
 a - 55 arrows
Armour
 b - a +0 robe (worn)
 n - a +2 naga barding (worn)
Jewellery
 g - a +4 ring of strength (left hand)
Scrolls
 j - a scroll of fog {unknown}
 m - 2 scrolls of identify {unknown}
 p - a scroll of magic mapping {unknown}
Potions
 e - a potion of magic
Books
 c - a book of Changes

   Spells                             Type                      Level
   a - Beastly Appendage              Transmutation                1
   b - Sticks to Snakes               Transmutation                2
   c - Spider Form                    Transmutation/Poison         3
   d - Ice Form                       Ice/Transmutation            4
   e - Blade Hands                    Transmutation                5
Comestibles
 d - 2 bread rations
 h - a beef jerky
 l - 2 meat rations


   Skills:
 - Level 1.0 Fighting
 - Level 1.5 Dodging
 + Level 3.8 Unarmed Combat
 + Level 2.2 Spellcasting
 + Level 3.2 Transmutations


You had 4 spell levels left.
You knew the following spells:

 Your Spells              Type           Power        Failure   Level  Hunger
a - Beastly Appendage     Tmut           ##....       8%          1    #......
b - Sticks to Snakes      Tmut           ##......     12%         2    ###....


Dungeon Overview and Level Annotations

Branches:
Dungeon (4/15)             Temple (1/1) D:4

Altars:
Ashenzari
Cheibriados
Dithmenos
Elyvilon
Fedhas
Gozag
Hepliaklqana
Kikubaaqudgha
Makhleb
Nemelex Xobeh
Okawaru
Qazlal
Ru
Sif Muna
Trog
Uskayaw
Vehumet
Xom
Yredelemnul
Zin
The Shining One


Innate Abilities, Weirdness & Mutations

You cannot wear boots.
Your serpentine skin is tough. (AC +1)
You have supernaturally acute eyesight. (SInv)
Armour fits poorly on your strangely shaped body.
Your system is resistant to poisons. (rPois)
You cover ground very slowly.
You have a slow metabolism.
You can spit poison.
You have a pair of small horns on your head.
You are partially covered in iridescent scales. (AC +2)
Your flesh is cold resistant. (rC+)


Message History

The orc wizard is poisoned.
The orc wizard is heavily wounded.
You feel slightly more hungry.
You feel sick.
You take 1 damage, and have 3/38 hp.
The orc wizard casts a spell.
The orc wizard seems to speed up.
You have got your breath back.
The orc wizard begins to cast a cantrip, but forgets the words!
Press: ? - help, Shift-Dir - straight line, f/p - orc wizard
Aim: an orc wizard, wielding a dagger and wearing a robe (severely wounded, fast, poisoned)
The splash of poison misses the orc wizard.
You are feeling hungry.
You feel sick.
You are no longer poisoned.
You take 1 damage, and have 3/38 hp.
The orc wizard looks more healthy.
The orc wizard points at you and mumbles some strange words.
The puff of flame hits you!
You die...

############
#.........>##
#....o......#####
#..#######......#
#..#######......######
##..##.....>....@..o..#
##..##.####......####.#
)#..##.####......# #.#
#....#.>.##..##### #o#
##.#.........# #.#
#....#...###.# #.#
..#............ #.#
............... #.#
..#.........##. #.##


You could see an orc wizard.

Vanquished Creatures
  An orc wizard (D:4)
  2 dart slugs
  2 leopard geckos
  8 orcs (D:4)
  3 giant cockroaches
  2 goblins (D:1)
  A ball python (D:1)
  3 bats (D:1)
  A rat (D:1)
23 creatures vanquished.

Notes
Turn   | Place    | Note
-------+----------+-------------------------------------------
     0 | D:1      | mistymad the Naga Transmuter began the quest for the Orb.
     0 | D:1      | Reached XP level 1. HP: 18/18 MP: 3/3
   166 | D:1      | Reached XP level 2. HP: 3/25 MP: 3/5
  1086 | D:2      | You fall through a shaft for 2 floors!
  1096 | D:4      | Learned a level 2 spell: Sticks to Snakes
  1161 | D:4      | Reached XP level 3. HP: 31/31 MP: 3/6
  1187 | D:4      | Found a staircase to the Ecumenical Temple.
  1200 | Temple   | Entered the Ecumenical Temple
  1482 | D:4      | Gained mutation: Your flesh is cold resistant. (rC+) [potion of mutation]
  1482 | D:4      | Gained mutation: You are partially covered in iridescent scales. (AC +2) [potion of mutation]
  1482 | D:4      | Gained mutation: You have a pair of small horns on your head. [potion of mutation]
  1483 | D:4      | Reached XP level 4. HP: 6/38 MP: 7/7
  1507 | D:4      | Killed from afar by an orc wizard

Skill      XL: |  1  2  3 |
---------------+----------+-----
Transmutations | 3 |  3.2
Fighting       | |  1.0
Dodging        | |  1.5
Unarmed Combat | |  3.8
Spellcasting   | |  2.2

Action                   |  1- 3 |  4- 6 || total
-------------------------+-------+-------++-------
Melee: Unarmed           |    59 |     4 ||    63
       Headbutt          |     9 |       ||     9
 Cast: Beastly Appendage |    13 |       ||    13
 Abil: Spit Poison       |    10 |     4 ||    14
  Use: Potion            |     4 |       ||     4
  Eat: Chunk             |     2 |       ||     2
Armor: Robe              |    31 |     1 ||    32
Dodge: Dodged            |    31 |       ||    31
